Cogmind - Beta 13 @@@ ROGUE MODE // 2024.04.16 @ 21:21:26 Player: SVIT13 Result: Destroyed by TI-2CC(R) with Subdweller Laser Performance ------------- Evolutions (0) 0 Regions Visited (3) 600 Robots Destroyed (11) 55 Value Destroyed (258) 258 Prototype IDs (1) 20 Alien Tech Used (0) 0 Bonus (37) 37 TOTAL SCORE: 970 Bonus ------- Follower Combat Kills 37 Cogmind --------- Core Integrity 0/250 Matter 299/300 Energy 170/170 System Corruption 1% Temperature Cool (87) Movement Rolling (155) Ox5 Location -10/Subcaves Parts ------- > --- POWER (1) -------- Makeshift Power Source > --- PROPULSION (2) --- Wheel > --- UTILITY (2) ------ High-capacity Storage Unit Subdweller Optics > --- WEAPON (2) ------- Beamcaster Subdweller Machine Gun > --- INVENTORY (20) --- Ion Engine Ion Engine Aluminum Leg Aluminum Leg Aluminum Leg Wheel Subdweller Monowheel Subdweller Monowheel Hover Unit High-capacity Storage Unit Experimental Sensor Array Improved Terrain Scanner Targeting Computer Scrap Shield Particle Gun Light Assault Rifle Datajack Peak State ------------ > --- POWER ------------ Makeshift Power Source > --- PROPULSION ------- Wheel Wheel > --- UTILITY ---------- High-capacity Storage Unit Subdweller Optics > --- WEAPON ----------- Beamcaster Subdweller Machine Gun > --- INVENTORY -------- Ion Engine Ion Engine Aluminum Leg Aluminum Leg Aluminum Leg Wheel Subdweller Monowheel Hover Unit High-capacity Storage Unit Experimental Sensor Array Improved Terrain Scanner Targeting Computer Scrap Shield Small Laser Particle Gun Light Assault Rifle Datajack [Rating: 19] Favorites ----------- Power Ion Engine Engine Ion Engine Propulsion Wheel Leg Aluminum Leg Wheel Wheel Utility Visual Processing Unit Device Improved Terrain Scanner Storage Small Storage Unit Processor Visual Processing Unit Weapon Particle Gun Energy Gun Particle Gun Ballistic Gun Light Assault Rifle Special Melee Weapon Datajack Build | -11 -10 -10 -10 ------- Run | Yrd Mat Min Sub Slots Evolved . | . . . . Power . | . . . . Propulsion . | . . . . Utility . | . . . . Weapon . | . . . . Parts Attached 25 | 10 5 6 4 Power 3 | 1 1 . 1 Engine 3 | 1 1 . 1 Core . | . . . . Reactor . | . . . . Propulsion 6 | 4 . 2 . Treads . | . . . . Leg 2 | 2 . . . Wheel 4 | 2 . 2 . Hover . | . . . . Flight . | . . . . Utility 7 | 2 1 3 1 Device 3 | 1 . 1 1 Storage 3 | 1 . 2 . Processor 1 | . 1 . . Hackware . | . . . . Protection . | . . . . Artifact . | . . . . Weapon 9 | 3 3 1 2 Energy Gun 4 | 1 2 . 1 Energy Cannon . | . . . . Ballistic Gun 4 | 2 1 . 1 Ballistic Cannon . | . . . . Launcher . | . . . . Special Weapon . | . . . . Impact Weapon . | . . . . Slashing Weapon . | . . . . Piercing Weapon . | . . . . Special Melee Weapon 1 | . . 1 . Unidentified Prototypes 1 | . . 1 . Parts Lost 4 | . 3 . 1 Power 1 | . 1 . . Propulsion 1 | . . . 1 Utility . | . . . . Weapon 2 | . 2 . . Highest Loss Streak 3 | . 3 . 1 To Critical Strikes . | . . . . Average Slot Usage (%) 99 | . 97 100 100 Engine 13 | . 12 14 14 Wheel 28 | . 28 28 28 Device 1 | . 2 . 7 Storage 14 | . 14 14 14 Processor 12 | . 11 14 7 Energy Gun 13 | . 13 14 14 Ballistic Gun 7 | . 14 3 4 Special Melee Weapon 6 | . . 10 9 Naked Turns . | . . . . Heaviest Build 55 | 13 14 49 55 Greatest Support 32 | 32 32 32 20 Greatest Overweight (x) 2 | . . 2 2 Average Overweight (x) . | . . 1 2 Largest Inventory Capacity 20 | 8 8 20 20 Average Capacity 13 | 6 8 17 20 Most Carried 18 | 5 8 12 18 Average Carried 8 | 3 6 10 15 Final Capacity 20 | 8 8 20 20 Final Carried 18 | 3 8 12 18 Class Distribution -------------------- 52% | Scavenger-Mutant 47% | Mutant Dominant Class ---------------- Mutant | -10/Materials Scavenger-Mutant | -10/Mines Scavenger-Mutant | -10/Subcaves Resources | -11 -10 -10 -10 ----------- Run | Yrd Mat Min Sub Matter Collected 520 | 285 120 42 73 Remotely . | . . . . Salvage Created 391 | 75 287 29 . Parts 28 | 5 19 4 . Haulers Intercepted . | . . . . Recyclers Shooed . | . . . . Parts Field Recycled . | . . . . Retrieved Matter . | . . . . Parts Self-Destructed 3 | . . . 3 Prevented . | . . . . Kills | -11 -10 -10 -10 ------- Run | Yrd Mat Min Sub Combat Hostiles Destroyed 6 | . 6 . . Guns 6 | . 6 . . Classes Destroyed 5 | 2 2 1 . Worker 2 | . . 2 . Tunneler 1 | 1 . . . Recycler 1 | 1 . . . Watcher 1 | . 1 . . Grunt 6 | . 6 . . Best Kill Streak 6 | 2 6 2 . Combat Bots Only 6 | . 6 . . Max Kills in Single Turn 1 | 1 1 1 . Gunslinging . | . . . . Exploded . | . . . . Melee . | . . . . Uniques/NPCs Destroyed . | . . . . Combat | -11 -10 -10 -10 -------- Run | Yrd Mat Min Sub Hostile Shots Fired 66 | . 51 . 15 Missed 13 | . 12 . 1 Damage Taken 803 | 35 474 1 293 Core 270 | 35 141 . 94 Absorbed by Shields . | . . . . Core Remaining (%) 86 | 86 . . . Volleys Fired 36 | 3 27 3 3 Largest 2 | 2 2 2 2 Hottest 105 | 60 60 85 105 Shots Fired 64 | 6 47 5 6 Gun 64 | 6 47 5 6 Cannon . | . . . . Launcher . | . . . . Special . | . . . . Kinetic 35 | 3 27 2 3 Thermal 13 | . 7 3 3 Explosive . | . . . . Electromagnetic 16 | 3 13 . . Robot Hit Streak 13 | 3 10 13 5 Robot Miss Streak 5 | 1 5 1 2 Penetration Max . | . . . . Secondary Targets 2 | . 2 . . Max Gunslinging Chain 1 | . 1 . . Shots Hit Robots 46 | 4 31 6 5 Core Hits 17 | 2 13 2 . Critical Kills . | . . . . Critical Parts Destroyed . | . . . . Critical Strikes . | . . . . Melee Attacks 3 | . . 3 . Impact . | . . . . Slashing . | . . . . Piercing . | . . . . Sneak Attacks 3 | . . 3 . Combat Hostiles . | . . . . Follow-up Attacks . | . . . . Damage Inflicted 591 | 84 369 44 94 Guns 541 | 37 369 41 94 Cannons . | . . . . Explosions 47 | 47 . . . Melee . | . . . . Ramming 3 | . . 3 . Kinetic 229 | . 169 10 50 Thermal 199 | 47 77 31 44 Explosive . | . . . . Electromagnetic 160 | 37 123 . . Impact . | . . . . Slashing . | . . . . Piercing . | . . . . Highest Corruption 1 | . 1 1 1 Average Corruption 1 | . 1 1 1 Corruption Purged . | . . . . Corruption Blocked . | . . . . Effects 5 | . 1 3 1 Message Errors 2 | . 1 . 1 Matter Fused 2 | . . 2 . Energy Discharges 1 | . . 1 . Overload Shots . | . . . . Overflow Damage . | . . . . Projectiles . | . . . . Explosions . | . . . . Melee . | . . . . Knockbacks . | . . . . Impact . | . . . . Kinetic . | . . . . Secondary . | . . . . Self-Inflicted Damage 36 | 35 . 1 . Shots 1 | 1 . . . Rammed 1 | . . 1 . Targets Rammed 1 | . . 1 . Kicked . | . . . . Crushed . | . . . . Highest Temperature 81 | 12 72 44 81 Average Temperature 27 | 12 28 20 36 Received Heat Transfer 333 | . 264 . 69 Siege Activations . | . . . . Robots Corrupted . | . . . . Combat Hostiles . | . . . . Parts Fried 1 | . 1 . . Impact Corruptions . | . . . . Robots Melted . | . . . . Combat Hostiles . | . . . . Parts Melted . | . . . . Heat Transferred 373 | 50 175 74 74 Parts Sabotaged . | . . . . Parts Stolen . | . . . . Parts Stripped . | . . . . Power Chain Reactions 1 | 1 . . . Alert | -11 -10 -10 -10 ------- Run | Yrd Mat Min Sub Peak Influence 304 | 10 304 128 . Initial 118 | . 6 118 . Average 148 | 4 207 127 . Maximum Alert Level 1 | . 1 . . Low Security (%) 78 | 100 49 100 . Level 1 21 | . 50 . . Level 2 . | . . . . Level 3 . | . . . . Level 4 . | . . . . Level 5 . | . . . . High Security . | . . . . Max Security . | . . . . Squads Dispatched 3 | . 3 . . Investigation 2 | . 2 . . Extermination . | . . . . Reinforcement 1 | . 1 . . Assault . | . . . . Garrison . | . . . . Intercept . | . . . . Searches Triggered . | . . . . Construction Impeded . | . . . . Haulers Reinforced . | . . . . Active Scanning Responses . | . . . . Cargo Convoy Interrupts . | . . . . Stealth | -11 -10 -10 -10 --------- Run | Yrd Mat Min Sub Distress Signals . | . . . . Communications Jammed . | . . . . Distress Signals . | . . . . Times Spotted 26 | . 13 . 13 Peak Tracking Total 6 | . 6 . 5 Tactical Retreats 1 | . . . 1 Traps | -11 -10 -10 -10 ------- Run | Yrd Mat Min Sub Traps Triggered 1 | . 1 . . Indirectly . | . . . . Trap Hack Attempts . | . . . . Triggered . | . . . . Disarmed . | . . . . Reprogrammed . | . . . . Reused . | . . . . Traps Extracted . | . . . . Installed . | . . . . Triggered . | . . . . Machines | -11 -10 -10 -10 ---------- Run | Yrd Mat Min Sub Machines Disabled 1 | . 1 . . Max in Single Turn 1 | . 1 . . Machines Repaired . | . . . . Machines Dismantled . | . . . . Machines Sabotaged . | . . . . Overloaded Fab Kills . | . . . . Hacking | -11 -10 -10 -10 --------- Run | Yrd Mat Min Sub Machines Accessed 4 | . 3 1 . Terminals 3 | . 2 1 . Fabricators . | . . . . Repair Stations 1 | . 1 . . Recycling Units . | . . . . Scanalyzers . | . . . . Garrison Access . | . . . . Total Hacks 11 | . 9 2 . Successful 4 | . 3 1 . Failed 7 | . 6 1 . Catastrophic 1 | . 1 . . Database Lockouts . | . . . . Manual 2 | . 2 . . Terminals 8 | . 6 2 . Fabricators . | . . . . Repair Stations 3 | . 3 . . Recycling Units . | . . . . Scanalyzers . | . . . . Garrison Access . | . . . . Terminal Hacks 3 | . 2 1 . Dispatch Records 2 | . 1 1 . Hauler Manifests 1 | . 1 . . Fabricator Hacks . | . . . . Repair Station Hacks 1 | . 1 . . Scan Component 1 | . 1 . . Recycling Unit Hacks . | . . . . Scanalyzer . | . . . . Garrison Access Hacks . | . . . . Unauthorized Hacks . | . . . . Terminals . | . . . . Fabricators . | . . . . Repair Stations . | . . . . Recycling Units . | . . . . Scanalyzers . | . . . . Garrison Access . | . . . . Data Cores Recovered . | . . . . Used . | . . . . Hacking Detections 4 | . 3 1 . Full Trace Events 1 | . 1 . . Feedback Events 1 | . 1 . . Corruption 1 | . 1 . . Feedback Blocked . | . . . . Robot Schematics Acquired . | . . . . Robots Built . | . . . . Authchips . | . . . . Time . | . . . . Total Robot Build Rating . | . . . . Part Schematics Acquired . | . . . . Parts Built . | . . . . Authchips . | . . . . Time . | . . . . Total Part Build Rating . | . . . . Parts Repaired . | . . . . Time . | . . . . Parts Recycled . | . . . . Recycled Matter . | . . . . Retrieved Matter . | . . . . Retrieved Components . | . . . . Parts Scanalyzed . | . . . . Part Schematics Acquired . | . . . . Parts Damaged . | . . . . Bothacking | -11 -10 -10 -10 ------------ Run | Yrd Mat Min Sub Used RIF Installer . | . . . . Robots Hacked 2 | . . 2 . Non-combat 2 | . . 2 . Combat . | . . . . Robot Hacks Applied 3 | . . 3 . parse_system 1 | . . 1 . no_distress 2 | . . 2 . Relay Couplers Released . | . . . . Fabnet Peak Effective % . | . . . . Robots Rewired . | . . . . Allies Hacked . | . . . . Hacks Repelled . | . . . . Allies | -11 -10 -10 -10 -------- Run | Yrd Mat Min Sub Total Allies 2 | . . 2 . Largest Group 2 | . . 2 2 Highest-Rated Group 50 | . . 50 50 Highest-Rated Ally 31 | . . 31 31 Total Orders . | . . . . Ally Attacks 5 | . . . 5 Total Damage 85 | . . . 85 Kills 2 | . . . 2 Allies Corrupted . | . . . . Allies Melted . | . . . . Intel | -11 -10 -10 -10 ------- Run | Yrd Mat Min Sub Robot Analysis Total . | . . . . Derelict Logs Recovered . | . . . . Drone Launches . | . . . . Drone Recoveries . | . . . . Exploration | -11 -10 -10 -10 ------------- Run | Yrd Mat Min Sub Turns Passed 841 | 77 308 357 99 Spaces Moved 628 | 54 218 287 69 Core 14 | 14 . . . Treads . | . . . . Legs . | . . . . Wheels 614 | 40 218 287 69 Hover . | . . . . Flight . | . . . . Fastest Speed 50 | 50 100 80 110 Average Speed 102 | 87 100 106 110 Slowest Speed 110 | 100 100 110 110 Overloaded Moves . | . . . . Propulsion Burnouts . | . . . . Robots Hopped . | . . . . Cave-ins Triggered . | . . . . Exploration Rate (%) 29 | 4 44 63 7 Regions Visited 3 Branch Regions 2 Pre-discovered Areas 1 | . . 1 . Known Exits Taken . | . . . . Unknown Exits Taken 3 | 1 1 1 . Scrap Searched 1 | . . 1 . Spaces Dug . | . . . . Terrain Destroyed . | . . . . Melee . | . . . . Projectile . | . . . . AOE . | . . . . Terrain Rammed . | . . . . Walls Destroyed . | . . . . Machines Disabled . | . . . . Actions | -11 -10 -10 -10 --------- Run | Yrd Mat Min Sub Total 755 | 76 262 333 84 Wait 17 | . 5 12 . Move 625 | 53 217 286 69 Hop . | . . . . Pick Up 40 | 10 8 15 7 Fast Attach . | . . . . Attach 10 | 7 3 . . Detach . | . . . . Swap 15 | 3 2 6 4 Drop 8 | . . 7 1 Fire 36 | 3 27 3 3 Melee 3 | . . 3 . Ram 1 | . . 1 . Kick . | . . . . Crush . | . . . . Escape Stasis . | . . . . Rewire . | . . . . Trap . | . . . . Miscellaneous . | . . . . Route ------- -11/Scrapyard -10/Materials (discovered 2 exits: [*Mat] / *Min) -10/Mines -10/Subcaves (discovered 1 exit: [*Mat]) History --------- Turn | Location | Event 10 | -11/Scrapyard | Discovered new exit (range 15) 78 | -11/Scrapyard | Entered Materials 268 | -10/Materials | Core integrity fell below 50% 296 | -10/Materials | Lost 3 parts (1p2w) 314 | -10/Materials | Discovered new exit (range 17) 324 | -10/Materials | Build established: Mutant 356 | -10/Materials | Discovered new exit (range 12) 386 | -10/Materials | Entered Mines 387 | -10/Mines | Learned location of Storage (-7) 599 | -10/Mines | Found a damaged Exp. Sensor Array with a note attached 602 | -10/Mines | Found Prototype Device 604 | -10/Mines | Identified Exp. Sensor Array 703 | -10/Mines | Build established: Scavenger-Mutant 703 | -10/Mines | Discovered new exit (range 12) 743 | -10/Mines | Entered Subcaves 743 | -10/Subcaves | Accompanied by 2 allies 748 | -10/Subcaves | Led the pair of lost Derelicts to an unsafe place 754 | -10/Subcaves | Shifting Twisted Machinery released Mak. Power Source 831 | -10/Subcaves | Discovered new exit (range 11) 833 | -10/Subcaves | Ambushed by swarm of Subdwellers 839 | -10/Subcaves | Core integrity fell below 20% 840 | -10/Subcaves | Ambushed by Subdwellers from Twisted Machinery 842 | -10/Subcaves | Destroyed by TI-2CC(R) with Subdweller Laser Last Messages --------------- (Destroy). 00837_ TI-2CC(R) emerges from the Twisted Machinery. 00837_ 0U-MJU(R) emerges from the Twisted Machinery. 00837_ J8-O4F(g): "Sorry we're late! Had another grouchy Sub to deal with. Who's the new fellow?" 00837_ 11-TL9(h) suffers critical hit (Burn). 00838_ 1H-Q2L(R) emerges from the Twisted Machinery. 00839_ H3-7WR(R) emerges from the Twisted Machinery. 00839_ Y-45 Defender destroyed. 00840_ Wheel destroyed. 00840_ 8M-553(R) angrily emerges from the Twisted Machinery. 00841_ J8-O4F(g) destroyed. 00841_ HV Slug penetrates 1H-Q2L(R). 00841_ 1H-Q2L(R) suffers critical hit (Destroy). Map ----- +----------------------------------------------------+ | ?????????????????????????????????????????????????? | | ?????????????????????????????????????????????????? | | ?????????????????????????????????????????????????? | | ?????????????????????????????????????????????????? | | ?????????????????????????????????????????????????? | | ?????????????????????????????????????????????????? | | ?????????????????????????????????????????????????? | | ?????????????????????????????????????????????????? | | ?????????????????????????????????????????????????? | | ?????????????????????????????????????????????????? | | ?????????????????????????????????????????????????? | | ???????????????????????????????? ????????????????? | | ???????????????????????????????? ?????????????? | | ???????????????????????????????? ?????????????? | | ?????????# ????????????????????# ??????????????? | | ?????????# ??##??????????????# ??????????????? | | ?????????## ## ????????????? ??????????????? | | ????????## % ???????????? #??????????????? | | ????????# % ??????????? ^ #??????????????? | | ????????# ! ???##????? % #??????????????? | | ????????# !%[ < ??# ###??^ ^ ???????????????? | | ?????????# #?# #?? ???????????????? | | ???????????? ## #??# #???????????????? | | ????????????????% #?? #???????????????? | | ????????????????????*%h #### ????????????????? | | ???????????????????????#R@R;## #????????????????? | | ???????????????????????##RR### ##???????????????? | | ????????????????????????""R#?# ###?????????????? | | ??????????????????????###RR### #?????????????? | | ??????????????????????# gg!= #??????????????? | | ??????????????????????# % %%[ ##?????????????? | | ??????????????????????## ! #?????????????? | | ???????????????????????# % #?????????????? | | ???????????????????????#### #% *%##?????????????? | | ??????????????????????????####!%&##??????????????? | | ?????????????????????????????##&& #??????????????? | | ?????????????????????????????#!!%%#??????????????? | | ????????????????????????????###&&##??????????????? | | ????????????????????????????# ###?????????????? | | ????????????????????????????# #?????????????? | | ???????????????????????####?# ##?????????????? | | ??????????????????????## ""#### #??????????????? | | ??????????????????????# % ""### #??????????????? | | ??????????????????????# "" #??????????????? | | ???????????????????????## %" ##?????????????? | | ????????????????????????### " " #?????????????? | | ??????????????????????????##""$ " #?????????????? | | ???????????????????????????## ## #?###?????????? | | ????????????????????????????#### ## ##????????? | | ??????????????????????????????# #????????? | +----------------------------------------------------+ Best States ------------- Heat Dissipation 25 Energy Generation 15 Energy Capacity 250 Matter Stores 300 Matter Capacity 300 Sight Range 21 Terrain Scan Range 16 Terrain Scan Density 10 Evasion (%) 44 Item Schematics ----------------- None Robot Schematics ------------------ None Fabricated ------------ Nothing Alien Tech Used ----------------- None Achievements -------------- None Challenges ------------ None Game ------ Seed PulseReactiveAmplifier Manual? 0 Play Time 00:21:55 Cumulative 8.3 hours Start 2024.04.16 @ 21:01:37 End 2024.04.16 @ 21:21:26 Sessions 1 Manual Loads 0 Difficulty Rogue Special Mode None Game No. 12 Rogue 12 Adventurer 0 Explorer 0 Win Type - Total 0 Types 0/0/0/0/0/0/0/0/0 Lore% 4 Gallery% 11 Achievement% 12 Wizard Run 0 Options --------- Layout 1 ASCII 0 Keyboard 0 Movement Numpad Keybinds 0 Fullscreen 1 Font 24/Smallcaps Map View 25x17 Zoom Use 8% Tactical HUD 1 Map Filters NONE Filters NONE Steam 1 RUN: a0ea6f2e-6f22-438c-b8db-b53b8a60136a